 Dungeon Crawl Stone Soup version 0.24.0-123-gd5b16e6ec5 (webtiles) character file.

Game seed: 4823583493530704587, levelgen mode: deterministic

31 FishyPogo the Charmwright (level 3, -6/42 HPs)
             Began as a Demonspawn Skald on Jan 9, 2020.
             Mangled by Crazy Yiuf
             ... wielding a +3 quarterstaff of chaos
              (10 damage)
             ... on level 2 of the Dungeon.
             The game lasted 00:06:21 (1818 turns).

FishyPogo the Charmwright (Demonspawn Skald)        Turns: 1818, Time: 00:06:22

Health: -6/42      AC:  3    Str: 17    XL:     3   Next: 7%
Magic:  0/6        EV: 12    Int: 14    God:
Gold:   109        SH:  0    Dex: 12    Spells: 1/6 levels left

rFire    . . .     SeeInvis .   a - +0 short sword
rCold    . . .     Gourm    .   (no shield)
rNeg     . . .     Faith    .   b - +0 leather armour
rPois    .         Spirit   .   (no helmet)
rElec    .         Reflect  .   (no cloak)
rCorr    .         Harm     .   (no gloves)
MR       .....                  (no boots)
Stlth    ..........             (no amulet)
HPRegen  0.14/turn              (no ring)
MPRegen  0.10/turn              (no ring)

@: berserking (expiring), lethally poisoned (-6 -> -10), infused, lightly
drained, very quick
A: powered by pain 2
a: no special abilities


You were on level 2 of the Dungeon.
You were not hungry.

You visited 1 branch of the dungeon, and saw 3 of its levels.

You collected 109 gold pieces.

Inventory:

Hand Weapons
 a - a +0 short sword (weapon)
Missiles
 g - 46 stones (quivered)
 k - 29 poisoned darts
Armour
 b - a +0 leather armour (worn)
 l - a +0 buckler
Jewellery
 f - an uncursed amulet of the gourmand {unknown}
Scrolls
 c - 3 scrolls of remove curse {unknown}
 h - 2 scrolls of identify {unknown}
 j - 2 scrolls of teleportation {unknown}
 p - a scroll of fog {unknown}
Potions
 e - 2 potions of curing
 m - a potion of cancellation {unknown}
 n - a potion of lignification {unknown}
 o - a potion of haste {unknown}
Comestibles
 d - 4 rations


   Skills:
 - Level 2.6(2.3) Fighting
 - Level 2.0(1.8) Short Blades
 - Level 1.2(1.0) Armour
 - Level 2.0(1.7) Dodging
 + Level 0.4(0.1) Shields
 - Level 2.0(1.7) Spellcasting
 - Level 2.9(2.7) Charms


You had one spell level left.
You knew the following spells:

 Your Spells              Type           Power        Failure   Level  Hunger
p - Shroud of Golubria    Chrm/Tloc      #.....       26%         2    ###....
u - Song of Slaying       Chrm           #.......     14%         2    ###....
y - Infusion              Chrm           #...         10%         1    ##.....

Your spell library contained the following spells:

 Spells                   Type           Power        Failure   Level  Hunger
 Beastly Appendage        Tmut           #.....       28%         1    ##.....
 Sticks to Snakes         Tmut           #.......     41%         2    ###....
 Regeneration             Chrm/Necr      #.........   45%         3    ####...
 Spectral Weapon          Hex/Chrm       #.......     45%         3    ####...
 Spider Form              Tmut/Pois      #.........   65%         3    ####...
 Ice Form                 Ice/Tmut       #.......     96%         4    #####..
 Blade Hands              Tmut           #.........   100%        5    ######.


Dungeon Overview and Level Annotations

Branches:
Dungeon (3/15)

Altars:

Annotations:
D:2 Crazy Yiuf


Innate Abilities, Weirdness & Mutations

You sometimes gain power by taking damage.


Message History

Crazy Yiuf is severely wounded.
Crazy Yiuf says, "Goldfish water arm!"
Crazy Yiuf misses you.
You hit Crazy Yiuf but do no damage.
Crazy Yiuf is severely wounded.
You feel sick.
You barely miss Crazy Yiuf.
Crazy Yiuf is severely wounded.
Crazy Yiuf hits you with a +3 quarterstaff of chaos!
* * * LOW HITPOINT WARNING * * *
You closely miss Crazy Yiuf.
Crazy Yiuf is severely wounded.
* * * LOW HITPOINT WARNING * * *
You feel sick. Crazy Yiuf closely misses you.
You hit Crazy Yiuf.
Crazy Yiuf is almost dead.
You barely miss Crazy Yiuf.
Crazy Yiuf is almost dead.
Crazy Yiuf hits you with a +3 quarterstaff of chaos!
You die...

.#.# #.....#..##..##
##.#
#######.....##.##.##.
#.#
#...........##.##.###
#.#
############....#.# #
#.### #....#.# #...#
#....#.# ###.#####♣♣
### #......#
#......P♣♣ ♣♣#..)#
#...#..###
#.#.....P♣♣♣♣@g...#
#...#.[...
#.##......♣..♣#...#
#...#...##
#.###....♣.♣♣♣ ###
#...#.....
#....##♣♣♣♣♣
######>... ######
##.## ### #.# #.# #.#
#.# #.# #.# #.##


You could see Crazy Yiuf.

Vanquished Creatures
  A worm (D:2)
  A dart slug (D:2)
  A leopard gecko (D:3)
  A giant cockroach (D:3)
  2 goblins
  A hobgoblin (D:1)
  3 jackals (D:2)
  2 kobolds (D:2)
  2 ball pythons
  5 bats
  4 frilled lizards
  2 rats (D:2)
25 creatures vanquished.

Notes
Turn   | Place    | Note
-------+----------+-------------------------------------------
     0 | D:1      | FishyPogo the Demonspawn Skald began the quest for the Orb.
     0 | D:1      | Reached XP level 1. HP: 16/16 MP: 3/3
   116 | D:1      | Reached skill level 1 in Armour
   600 | D:2      | Gained mutation: You sometimes gain a little power by
                  | taking damage. [demonic ancestry]
   600 | D:2      | Reached XP level 2. HP: 22/22 MP: 1/5
   650 | D:2      | Learned a level 2 spell: Song of Slaying
  1674 | D:2      | Found a runed translucent door.
  1675 | D:2      | Noticed Crazy Yiuf
  1741 | D:3      | Gained mutation: You sometimes gain power by taking damage.
                  | [demonic ancestry]
  1741 | D:3      | Reached XP level 3. HP: 19/28 MP: 2/6
  1761 | D:3      | Learned a level 2 spell: Shroud of Golubria
  1818 | D:2      | Mangled by Crazy Yiuf

Levels and vault maps discovered:
D:1:      roderic_dead_forest, layout_loops_ring, hangedman_decor_peaks_small,
          moated_statue
D:2:      minmay_alternating_diamond, layout_basic, uniq_crazy_yiuf_cottage
D:3:      layout_rooms, gammafunk_temple_overflow_forgotten,
          dk_yredelemnul_ordeal

Skill      XL: |  1  2 |
---------------+-------+-----
Armour         | 1 |  1.2
Dodging        | 2 |  2.0
Short Blades   | 2 |  2.0
Fighting       | |  2.6
Shields        | |  0.4
Spellcasting   | |  2.0
Charms         | |  2.9

Action                   || total
-------------------------++-------
Melee: Short sword       ||    98
Throw: Stone             ||     2
 Cast: Infusion          ||    10
       Song of Slaying   ||     1
       Shroud of Golubri ||     1
  Use: Potion            ||     2
  Eat: Chunk             ||     3
Armor: Leather armour    ||    25
Dodge: Dodged            ||    51
